 Dungeon Crawl Stone Soup version 0.26-a0-497-g0187308201 (webtiles) character file.

Game seed: 9066200663442171498

41084 Infinimo the Bludgeoner (level 14, -9/129 HPs)
             Began as a Hill Orc Fighter on Aug 6, 2020.
             Was an Initiate of Gozag.
             Splashed by an acid blob's acid (15 damage)
             ... on level 6 of the Lair of Beasts.
             The game lasted 00:19:02 (18823 turns).

Infinimo the Bludgeoner (Hill Orc Fighter)         Turns: 18823, Time: 00:19:03

Health: -9/129     AC:  5    Str: 20    XL:     14   Next: 13%
Magic:  14/14      EV:  6    Int: 12    God:    Gozag
Gold:   2579       SH: 14    Dex: 10    Spells: 13/13 levels left

rFire    + . .     SeeInvis .   y - +5 demon whip (elec)
rCold    . . .     Faith    .   o - +2 kite shield
rNeg     + . .     Spirit   .   f - +3 plate armour {rN+}
rPois    +         Reflect  .   t - +0 helmet
rElec    .         Harm     .   m - scarf {repulsion}
rCorr    .                      G - +0 pair of gloves (curse)
MR       +....                  (no boots)
Stlth    ..........             (no amulet)
HPRegen  0.31/turn              j - ring of protection from fire
MPRegen  0.14/turn              u - ring of poison resistance

@: corroded, gold aura, very slightly contaminated, repel missiles
A: no striking features
a: Potion Petition, Call Merchant, Bribe Branch, Renounce Religion


You were on level 6 of the Lair of Beasts.
You worshipped Gozag.
Gozag was most pleased with you.
You visited 3 branches of the dungeon, and saw 15 of its levels.

You collected 3025 gold pieces.
You spent 248 gold pieces at shops.
You paid 198 gold pieces to Gozag.

Inventory:

Hand Weapons
 y - a +5 demon whip of electrocution (weapon)
Armour
 f - a +3 plate armour of positive energy (worn)
 m - a scarf of repulsion (worn)
 o - a +2 kite shield (worn)
 t - a +0 helmet (worn)
 G - a cursed +0 pair of gloves (worn)
Jewellery
 j - a ring of protection from fire (left hand)
 q - an uncursed ring of protection from cold
 u - a ring of poison resistance (right hand)
Wands
 a - a wand of digging (6)
 l - a wand of iceblast (11)
 z - a wand of disintegration (33)
Scrolls
 b - 7 scrolls of remove curse
 c - 6 scrolls of identify
 h - a scroll of blinking
 i - 3 scrolls of noise
 k - 3 scrolls of amnesia
 r - a scroll of brand weapon {unknown}
 s - 3 scrolls of fog
 v - 4 scrolls of immolation
 w - 2 scrolls of fear
 x - 2 scrolls of magic mapping
 A - a scroll of enchant weapon
 B - 2 scrolls of enchant armour
Potions
 d - 6 potions of curing
 e - 5 potions of mutation
 g - 4 potions of flight
 n - 3 potions of heal wounds
 p - 3 potions of ambrosia
 C - 2 potions of haste
 D - a potion of resistance {unknown}
 E - a potion of brilliance


   Skills:
 + Level 13.5 Fighting
 + Level 15.2 Maces & Flails
 + Level 12.5 Armour
 + Level 12.5 Shields


You had 13 spell levels left.
You didn't know any spells.
Your spell library contained the following spells:

 Spells                   Type           Power        Failure   Level
 Corona                   Hex            #......      99%         1
 Shock                    Conj/Air       #...         99%         1
 Ensorcelled Hibernation  Hex/Ice        #.....       100%        2
 Swiftness                Air            #.......     100%        2
 Confusing Touch          Hex            #.......     100%        3
 Dazzling Flash           Conj/Hex       #.....       100%        3
 Static Discharge         Conj/Air       #.......     100%        3
 Tukima's Dance           Hex            #.......     100%        3
 Airstrike                Air            #.........   100%        4
 Lightning Bolt           Conj/Air       #.........   100%        5


Dungeon Overview and Level Annotations

Branches:
Dungeon (9/15)             Temple (1/1) D:7            Lair (6/6) D:9
  Slime (0/5) Lair:6
  Swamp: Lair:2-4    Shoals: Lair:2-4     Snake: Lair:2-4    Spider: Lair:2-4
    Orc: D:9-12

Altars:
Ashenzari
Cheibriados
Dithmenos
Elyvilon
Fedhas
Gozag
Hepliaklqana
Kikubaaqudgha
Makhleb
Nemelex Xobeh
Okawaru
Qazlal
Ru
Sif Muna
Trog
Uskayaw
Vehumet
Wu Jian
Xom
Yredelemnul
Zin
The Shining One
Jiyva

Shops:
D:7 *

Annotations:
D:3 Soier's ghost, amateur DDFi


Message History

* * * LOW HITPOINT WARNING * * *
You are splashed with acid!
* * * LOW HITPOINT WARNING * * *
What are your orders? t - Shout!
Orders for allies: a - Attack new target. r - Retreat! s - Stop attacking. g - Guard the area. f - Follow me.
Anything else - Cancel.
Okay, then.
Unknown command.
Press: ? - help, Dir - move target cursor You are very lightly contaminated with residual magic.
As you read the scroll of blinking, it crumbles to dust.
The acid blob spits acid at you. The splash of acid hits you!
* * * LOW HITPOINT WARNING * * *
The acid corrodes you!
You are splashed with acid!
You die...
Your body crumbles into a pile of gold.

###......####
##.......########
#P.....###.##P#.#
###....## ##......
##....######...#.#.
##....#.#
#.#.......
#P....###
#......#.. ##....##
#......#.. #...@###
##..#####.)
###.....#
#...#...#.|
#......##
#...#...###
###...###
#...#...### #...#.#
##..#.#.#.. #.....#
#P.....#..
###....##
#....#....
#.J.....#
##........
#P.....## #....#...


You could see an acid blob.

Vanquished Creatures
  An acid blob (Lair:6)
  Gastronok (Lair:2)
  A dire elephant (Lair:6)
  Josephine (Lair:5)
  5 hydras
  Erica (D:8)
  6 death yaks
  Nergalle (Lair:1)
  The ghost of kelmiir the Chopper, a novice DsGl of Okawaru (D:7)
  An unseen horror (D:9)
  3 lindwurms (Lair:6)
  A wolf spider (Lair:6)
  A manticore (Lair:6)
  2 elephants (Lair:6)
  Joseph (D:7)
  2 torpor snails (Lair:6)
  6 black mambas
  11 cane toads
  4 rime drakes (Lair:6)
  2 komodo dragons
  2 trolls
  2 hornets (Lair:6)
  2 polar bears
  Grinder (D:6)
  Prince Ribbit (D:7)
  8 hippogriffs
  3 blink frogs (Lair:2)
  13 dream sheep
  A wyvern (Lair:6)
  Eustachio (D:6)
  11 yaks
  3 wraiths (Lair:5)
  A steam dragon (Lair:6)
  A basilisk (Lair:6)
  8 water moccasins
  3 wargs (D:9)
  Duvessa (D:7)
  4 porcupines
  3 ice beasts
  2 sky beasts
  4 orc warriors
  A black bear (D:6)
  A necrophage (D:7)
  A phantom (D:9)
  12 wolves
  An ogre (D:9)
  2 centaurs
  8 crocodiles
  A big kobold (D:7)
  6 bullfrogs
  Dowan (D:7)
  2 scorpions
  17 wights
  6 electric eels
  4 howler monkeys
  A bullfrog zombie (D:9)
  3 jellies
  7 orc priests
  A hound (D:7)
  A gnoll shaman (D:8)
  4 centaur skeletons
  A bullfrog skeleton (D:9)
  6 iguanas
  8 orc wizards
  7 worker ants
  A hound zombie (D:5)
  2 hound skeletons
  3 howler monkey zombies
  5 gnolls (D:8)
  8 adders
  3 white imps
  An ufetubus (D:6)
  An ooze (D:3)
  An adder skeleton (D:9)
  An adder zombie (D:6)
  3 dart slugs
  An adder simulacrum (D:4)
  2 leopard geckos
  40 orcs
  5 giant cockroaches
  11 goblins
  12 hobgoblins
  A jackal (D:3)
  5 kobolds
  2 quokkas
  3 ball pythons
  8 bats
  3 frilled lizards (D:1)
  A jackal simulacrum (D:4)
  A jackal skeleton (D:4)
  A leopard gecko simulacrum (D:4)
  A quokka skeleton (D:6)
  7 rats
362 creatures vanquished.

Vanquished Creatures (others)
  10 fungi
  15 plants (Lair:6)
25 creatures vanquished.

Grand Total: 387 creatures vanquished

Notes
Turn   | Place    | Note
-------+----------+-------------------------------------------
     0 | D:1      | Infinimo the Hill Orc Fighter began the quest for the Orb.
     0 | D:1      | Reached XP level 1. HP: 19/19 MP: 1/1
     7 | D:1      | You fall into a shaft and drop 1 floor!
    63 | D:2      | Reached XP level 2. HP: 18/27 MP: 2/2
   371 | D:1      | Reached XP level 3. HP: 33/33 MP: 3/3
   460 | D:1      | Reached skill level 3 in Maces & Flails
  1693 | D:3      | Reached XP level 4. HP: 36/40 MP: 4/4
  2608 | D:3      | Reached XP level 5. HP: 45/47 MP: 5/5
  2907 | D:4      | Reached skill level 4 in Maces & Flails
  3096 | D:4      | Found a runed translucent gate.
  3096 | D:4      | Found a runed translucent gate.
  3096 | D:4      | Found a runed translucent gate.
  3467 | D:4      | Reached XP level 6. HP: 22/53 MP: 6/6
  3665 | D:4      | Noticed an orc warrior
  3684 | D:4      | HP: 2/53 [orc warrior/+0 hand axe (6)]
  3687 | D:4      | Killed an orc warrior
  4092 | D:4      | Noticed an ice beast
  4093 | D:4      | Noticed Soier's ghost (amateur DDFi)
  4121 | D:4      | Reached skill level 5 in Fighting
  4121 | D:4      | Reached skill level 5 in Maces & Flails
  4340 | D:3      | Killed an ice beast
  4340 | D:3      | Reached XP level 7. HP: 43/61 MP: 7/7
  4838 | D:4      | Identified the +1 scale mail of Resonance {rElec Regen+
                  | rCorr Str-4} (You found it on level 4 of the Dungeon)
  4883 | D:5      | Entered Level 5 of the Dungeon
  5095 | D:5      | Reached skill level 5 in Armour
  5127 | D:5      | Found a sacrificial altar of Ru.
  5251 | D:5      | Reached skill level 5 in Shields
  5553 | D:5      | Reached skill level 6 in Maces & Flails
  6567 | D:6      | Reached XP level 8. HP: 70/70 MP: 8/8
  6813 | D:6      | Noticed Grinder
  6830 | D:6      | Paralysed by Grinder for 4 turns
  6839 | D:6      | Killed Grinder
  6839 | D:6      | Reached skill level 7 in Maces & Flails
  7125 | D:6      | Reached skill level 8 in Maces & Flails
  7125 | D:6      | Reached XP level 9. HP: 39/78 MP: 9/9
  7520 | D:6      | Noticed Eustachio
  7549 | D:6      | Killed Eustachio
  7869 | D:7      | Found Jusout Voat's General Store.
  8005 | D:7      | Reached skill level 9 in Maces & Flails
  8040 | D:7      | Bought a potion of curing for 48 gold pieces
  8040 | D:7      | Bought a potion of heal wounds for 80 gold pieces
  8040 | D:7      | Bought a scroll of blinking for 120 gold pieces
  8302 | D:7      | Noticed Prince Ribbit
  8320 | D:7      | Killed Prince Ribbit
  8434 | D:7      | Found a staircase to the Ecumenical Temple.
  8447 | D:7      | Noticed Duvessa
  8447 | D:7      | Noticed Dowan
  8459 | D:7      | Killed Duvessa
  8459 | D:7      | Reached XP level 10. HP: 85/88 MP: 10/10
  8461 | D:7      | Killed Dowan
  8561 | D:7      | Found a runed translucent door.
  8561 | D:7      | Noticed kelmiir's ghost (novice DsGl)
  8610 | D:7      | Noticed Joseph
  8630 | D:7      | Killed Joseph
  8630 | D:7      | Reached skill level 10 in Maces & Flails
  8864 | D:7      | Killed kelmiir's ghost
  8919 | Temple   | Entered the Ecumenical Temple
  9185 | Temple   | Became a worshipper of Gozag Ym Sagoz the Greedy
  9350 | D:8      | Noticed Erica
  9364 | D:8      | Killed Erica
  9430 | D:8      | Reached skill level 11 in Maces & Flails
  9899 | D:8      | Reached XP level 11. HP: 56/97 MP: 11/11
 10685 | D:9      | Found a white marble altar of Elyvilon.
 11198 | D:9      | Killed an unseen horror
 11633 | D:9      | Found a staircase to the Lair.
 11845 | D:9      | Reached skill level 12 in Maces & Flails
 12071 | D:9      | Reached skill level 10 in Fighting
 12109 | Lair:1   | Entered Level 1 of the Lair of Beasts
 12513 | D:9      | Identified a scroll of acquirement
 12513 | D:9      | Acquired a +4 demon whip of electrocution
 12883 | Lair:1   | Noticed Nergalle
 12888 | Lair:1   | Killed Nergalle
 13076 | Lair:1   | Noticed a five-headed hydra
 13086 | Lair:1   | Killed a five-headed hydra
 13345 | Lair:2   | Noticed Gastronok
 13366 | Lair:2   | Killed Gastronok
 13366 | Lair:2   | Reached skill level 13 in Maces & Flails
 13366 | Lair:2   | Reached skill level 10 in Armour
 13366 | Lair:2   | Reached skill level 10 in Shields
 13366 | Lair:2   | Reached XP level 12. HP: 80/108 MP: 12/12
 13624 | Lair:2   | You fall into a shaft and drop 2 floors!
 14068 | Lair:4   | Noticed a death yak
 14069 | Lair:4   | Noticed a death yak
 14070 | Lair:4   | Noticed a death yak
 14079 | Lair:4   | Killed a death yak
 14089 | Lair:4   | Killed a death yak
 14095 | Lair:4   | Killed a death yak
 14949 | Lair:5   | Noticed a five-headed hydra
 14955 | Lair:5   | Killed a five-headed hydra
 15118 | Lair:5   | Reached skill level 14 in Maces & Flails
 15217 | Lair:5   | Noticed Josephine
 15245 | Lair:5   | Killed Josephine
 15506 | Lair:5   | Got a glimmering kite shield
 15517 | Lair:5   | Identified the +1 kite shield of the True Pharaoh {rC-
                  | rN+++ MR+++ Str-4} (You found it on level 5 of the Lair of
                  | Beasts)
 15611 | Lair:6   | Entered Level 6 of the Lair of Beasts
 15619 | Lair:6   | Reached XP level 13. HP: 117/117 MP: 13/13
 15844 | Lair:6   | Noticed a dire elephant
 16146 | Lair:6   | Killed a dire elephant
 17941 | Lair:6   | Reached skill level 15 in Maces & Flails
 18261 | Lair:6   | Reached XP level 14. HP: 49/129 MP: 14/14
 18797 | Lair:6   | Found a runed translucent door.
 18798 | Lair:6   | Found a viscous altar of Jiyva.
 18798 | Lair:6   | Noticed an acid blob
 18799 | Lair:6   | Noticed an acid blob
 18800 | Lair:6   | Found a staircase to the Slime Pits.
 18800 | Lair:6   | Noticed an acid blob
 18817 | Lair:6   | Killed an acid blob
 18823 | Lair:6   | HP: 6/129 [acid blob/splash of acid (12)]
 18823 | Lair:6   | Splashed by an acid blob's acid

Illustrated notes

Levels and vault maps discovered:
D:1:      saegor_arrival_simple_c, layout_loops_ring
D:2:      layout_loops_corners
D:3:      layout_basic, minmay_fractal_squares_diagonal_5
D:4:      layout_cave_pools, gammafunk_ghost_icy, guppyfry_early_orc_mine
D:5:      layout_basic, nicolae_ru_the_path_less_chosen
D:6:      layout_loops_corners, minmay_statues_item, uniq_grinder,
          uniq_eustachio
D:7:      layout_rooms, minmay_temple_entry_stoned_glass,
          ebering_ghost_reflecting_pool, serial_shops, shop, uniq_duvessa,
          uniq_prince_ribbit1, uniq_joseph
D:8:      layout_loops_cross, uniq_erica
D:9:      hangedman_cross_stitches, layout_basic, elyvilon_altar_4,
          erik_lair_orcish_takeover
Temple:   compressed_dpeg_triangle_lava_temple
Lair:1:   layout_cave_shapes, chequers_serial_rivers_small_a,
          grunt_megastairs_4, uniq_nergalle
Lair:2:   layout_cave_pods, portal_ice_cave_entry_pillars_1, uniq_gastronok
Lair:4:   layout_loops_ring
Lair:5:   layout_loops_ring, serial_bayou_shore_a, uniq_josephine
Lair:6:   guppyfry_lair_end_dragon, layout_concentric_octagons,
          hangedman_lair_in_review, slime_altar_2, minmay_shattered_shrine

Skill      XL: |  1  2  3  4  5  6  7  8  9 10 11 12 13 |
---------------+----------------------------------------+-----
Maces & Flails | 3 4 5 6 8 9 11 13 14 15 | 15.2
Fighting       | 4 5 6 8 9 10 11 13 | 13.5
Armour         | 4 5 6 7 8 10 11 12 | 12.5
Shields        | 4 5 6 7 8 10 11 12 | 12.5

Action                   |  1- 3 |  4- 6 |  7- 9 | 10-12 | 13-15 || total
-------------------------+-------+-------+-------+-------+-------++-------
Melee: Flail             |   140 |   210 |   162 |       |       ||   512
       Morningstar       |       |       |   258 |   342 |       ||   600
       Demon whip        |       |       |       |   280 |   328 ||   608
  Use: Scroll            |       |     4 |     8 |    11 |     3 ||    26
       Potion            |       |     6 |     2 |     1 |     1 ||    10
 Stab: Invisible         |       |       |     1 |       |       ||     1
       Distracted        |       |       |       |     2 |     3 ||     5
Armor: Scale mail        |    81 |    70 |     6 |       |       ||   157
       Plate armour      |       |       |   224 |   282 |   146 ||   652
Dodge: Dodged            |    38 |    50 |    45 |    69 |    66 ||   268
       Repelled          |       |       |       |     2 |       ||     2
Block: Kite shield       |    68 |   116 |   269 |   274 |   176 ||   903

Table legend: (Time is in decaauts)
 A = Elapsed time spent in this place.
 B = Non-inter-level travel time spent in this place.
 C = Inter-level travel time spent in this place.
 D = Time resting spent in this place.
 E = Time spent auto-exploring this place.
 F = Levels seen in this place.
 G = Mean time per level.
                   A        B        C        D        E       F      G
               +--------+--------+--------+--------+--------+-----+--------+
         Total |  18764 |  18103 |    661 |     71 |  15092 |  15 | 1250.9 |
       Dungeon |  12478 |  11957 |    521 |      8 |   9784 |   9 | 1386.4 |
        Temple |    279 |    266 |     13 |      0 |    236 |   1 |  279.0 |
          Lair |   6006 |   5880 |    126 |     63 |   5072 |   5 | 1201.2 |
               +--------+--------+--------+--------+--------+-----+--------+

Top non-repeatable levels by time:
     D:9: 2231 daAuts
  Lair:6: 2094 daAuts
  Lair:5: 2022 daAuts
     D:6: 1827 daAuts
     D:4: 1628 daAuts
     D:3: 1430 daAuts
     D:5: 1335 daAuts
     D:2: 1122 daAuts
     D:8: 1114 daAuts
     D:7: 976 daAuts
  Lair:4: 866 daAuts
     D:1: 811 daAuts
  Lair:1: 749 daAuts
  Temple: 279 daAuts
  Lair:2: 274 daAuts
